cohdb
Replays
Latest Replays
All Replays
Popular Replays
Top Player Replays
Match Explorer
How It Works
Community
CoH3 Stats
Reddit
Sign in to upload your games and track your stats! →
Sign in with Steam
Match 41118682
Unlisted
Match 41118682
Overview
Messages
Build Orders
End
Construct Infanterie Kompanie
Selects Terror Battlegroup
Selects Machine Gun Camouflage
MG 42 Machine Gun Team
Grenadier Squad
MG 42 Machine Gun Team
Grenadier Squad
Construct Panzergrenadier Kompanie
Selects Contempt for the Weak
251 Medium Carrier
Pak 40 Anti-tank Gun Team
Panzergrenadier Squad
Construct Panzer Kompanie
Selects Propaganda Leaflet Drop
Pak 40 Anti-tank Gun Team
Stoßtruppen Squad
Propaganda Leaflet Drop
Selects V1 Rocket Strike
小德子
Insurmountable Odds
nre_nuker
新年辞旧喜洋洋
LeoKilo
Dumpster Bob
iPlayThisNaked
The 2D Waifu Trafficker
0
0
Comments
sign in to comment!
No comments posted yet!